 Dungeon Crawl Stone Soup version 0.30.1-1-g62c8e00024 (webtiles) character file.

Game seed: 11933803156050119657

546 cdecastro the Magician (level 7, -2/53 HPs)
             Began as a Djinni Fire Elementalist on July 18, 2023.
             Was an Initiate of Ashenzari.
             Slain by an orc
             ... wielding a +0 falchion
              (7 damage)
             ... on level 4 of the Dungeon.
             The game lasted 00:07:09 (2773 turns).

cdecastro the Magician (Djinni Fire Elementalist)   Turns: 2773, Time: 00:07:09

Health: -2/53      AC:  3    Str:  7    XL:     7   Next: 53%
Gold:   274        EV: 12    Int: 18    God:    Ashenzari [......] SH:  0 Dex: 14

rFire   + + .        s - +0 dagger (flame)
rCold   x . .        (no shield)
rNeg    + . .        q - +1 robe of the Cryptic Sphere {rN+, Melee, Self} (curse)
rPois   ∞            (no helmet)
rElec   .            (no cloak)
rCorr   .            (no gloves)
SInv    .            (boots unavailable)
Will    .....        (no amulet)
Stlth   ++           (no ring)
HPRegen 0.28/turn    (no ring)
MPRegen 0.00/turn

%: infuse magic (-3 HP)
@: flying
A: sickness immunity, fire resistance 2, cold vulnerability 1, float, innate
caster, HP casting, extra vitality 1
a: Renounce Religion, Curse Item, Shatter the Chains


You were on level 4 of the Dungeon.
You worshipped Ashenzari.
Ashenzari was noncommittal.
You visited 1 branch of the dungeon, and saw 4 of its levels.

You collected 274 gold pieces.

Inventory:

Hand Weapons
 d - a +0 dagger
 s - a +0 dagger of flaming (weapon)
Missiles
 l - 10 poisoned darts
Armour
 a - a +0 robe
 g - a +0 buckler
 q - the cursed +1 robe of the Cryptic Sphere (worn) {rN+, Melee, Self}
   (You found it on level 3 of the Dungeon)

   It has a curse which improves the following skills: Melee Combat: Short
   Blades, Long Blades, Axes, Maces & Flails, Polearms, Staves and Unarmed
   Combat.
   Introspection: Fighting and Spellcasting.
 v - a +0 cloak of poison resistance
Jewellery
 t - a +4 ring of slaying
Wands
 w - a wand of flame (7)
Scrolls
 b - a scroll of magic mapping {unknown}
 c - 2 scrolls of teleportation {unknown}
 e - 3 scrolls of poison {unknown}
 h - a scroll of enchant armour {unknown}
 i - 6 scrolls of identify {unknown}
 k - a scroll of enchant weapon {unknown}
 o - a scroll of noise {unknown}
 r - a scroll of vulnerability {unknown}
 u - a scroll of blinking {unknown}
Potions
 f - a potion of ambrosia {unknown}
 j - a potion of berserk rage {unknown}
 m - a potion of curing {unknown}
 n - a potion of flight {unknown}
 p - 2 potions of mutation {unknown}


   Skills:
 + Level 4.1(4.4) Fighting
 - Level 2.1 Dodging
 - Level 1.5 Stealth
 * Level 5.3(5.7) Spellcasting


You knew the following spells:

 Your Spells              Type           Power      Damage    Failure   Level
a - Foxfire               Conj/Fire      100%       2x1d9     1%          1
b - Scorch                Fire           50%        2d7       1%          2
c - Volatile Blastmotes   Fire/Tloc      50%        2d14      3%          3
d - Inner Flame           Hex/Fire       25%        N/A       3%          3
e - Flame Wave            Conj/Fire      25%        2d8       12%         4
f - Magic Dart            Conj           100%       1d8       1%          1
g - Ensorcelled Hibernat  Hex/Ice        50%        N/A       1%          2
h - Tukima's Dance        Hex            25%        N/A       3%          3
Your spell library was empty.

Dungeon Overview and Level Annotations

Branches:
Dungeon (4/15)             Temple (0/1) D:4

Altars:
Ashenzari
Yredelemnul
Zin

Shops:
D:4 *

Annotations:
D:3 1 runed translucent door, Crazy Yiuf


Innate Abilities, Weirdness & Mutations

You are immune to sickness and miasma.
You are immune to poison.
Your flesh is very heat resistant. (rF++)
You are vulnerable to cold. (rC-)
You float through the air rather than walking.
You learn spells naturally, not from books.
Your magical power is your life essence.
You have superior vitality. (+4 MHP)


Message History

Confirm with . or Enter, or press ? or * to list all spells.
Flames lash the orc but do no damage.
* * * LOW HITPOINT WARNING * * *
The phantom barely misses you.
Unknown command.
Casting: Scorch (safe; 1% risk of failure)
Confirm with . or Enter, or press ? or * to list all spells.
Flames lash the phantom.
The phantom is burned terribly!
You destroy the phantom!
* * * LOW HITPOINT WARNING * * *
Your Fighting skill increases to level 4!
Unknown command.
Casting: Scorch (safe; 1% risk of failure)
Confirm with . or Enter, or press ? or * to list all spells.
Flames lash the orc.
The orc is severely wounded.
The orc's fire resistance burns away.
* * * LOW HITPOINT WARNING * * *
The orc closely misses you.
Casting: Scorch (safe; 1% risk of failure)
Confirm with . or Enter, or press ? or * to list all spells.
Flames lash the orc but do no damage.
* * * LOW HITPOINT WARNING * * *
The orc barely misses you.
Unknown command.
Casting: Scorch (safe; 1% risk of failure)
Confirm with . or Enter, or press ? or * to list all spells.
Flames lash the orc priest.
The orc priest is heavily wounded.
The orc priest's fire resistance burns away.
* * * LOW HITPOINT WARNING * * *
The orc is no longer more vulnerable to fire.
The orc hits you but does no damage.
Unknown command.
Casting: Foxfire (safe; 1% risk of failure)
Press: ? - help, Q - select action, (/) - cycle Dir - look around, f - activate You conjure some foxfire!
* * * LOW HITPOINT WARNING * * *
The orc hits you with a +0 falchion!
You die...

.....................# #..
####.########.####.#######
### #... #.# #.# .
#..###### #.# #.#
...#o†.....# #.# #.#
#.)..####.# #.# #.#
..###.# #.# #.# #.# . #.#
#.#####.####.# #.#
#.<..oo@v....# #.#
#######v###### #..
........# ### #########


You could see an orc priest (combustible) and an orc (ally target).

Vanquished Creatures
  Sigmund (D:2)
  A centaur (D:4)
  A phantom (D:4)
  A hound (D:4)
  A gnoll bouda (D:4)
  Ijyb (D:4)
  2 iguanas
  2 adders
  2 adder zombies (D:3)
  A worm (D:2)
  A dart slug (D:3)
  2 orcs
  5 ball pythons
  8 endoplasms
  3 giant cockroaches (D:2)
  6 goblins
  8 hobgoblins
  3 jackals (D:3)
  4 quokkas
  3 bats (D:1)
  2 frilled lizards
  2 kobolds
  7 rats
67 creatures vanquished.

Vanquished Creatures (others)
  272 foxfires
272 creatures vanquished.

Grand Total: 339 creatures vanquished

Notes
Turn   | Place    | Note
-------+----------+-------------------------------------------
     0 | D:1      | cdecastro the Djinni Fire Elementalist began the quest for
                  | the Orb.
     0 | D:1      | cdecastro set off with the following spells memorised:
                  | Foxfire, Scorch, Volatile Blastmotes, Inner Flame, Flame
                  | Wave.
     0 | D:1      | Reached XP level 1. HP: 15/15 MP: 0/0
    96 | D:1      | Reached XP level 2. HP: 19/22 MP: 0/0
   276 | D:1      | Reached skill level 1 in Fighting
   390 | D:1      | Reached XP level 3. HP: 25/27 MP: 0/0
   390 | D:1      | Learned a level 1 spell: Magic Dart
   441 | D:1      | Reached skill level 3 in Spellcasting
   905 | D:2      | Found a broken altar of Ashenzari.
   912 | D:2      | Became a worshipper of Ashenzari the Shackled
  1164 | D:2      | Reached XP level 4. HP: 27/32 MP: 0/0
  1229 | D:2      | Noticed Sigmund
  1237 | D:2      | Killed Sigmund
  1238 | D:2      | Reached skill level 4 in Spellcasting
  1238 | D:2      | Reached XP level 5. HP: 7/40 MP: 0/0
  1238 | D:2      | Learned a level 2 spell: Ensorcelled Hibernation
  1238 | D:2      | Reached XP level 6. HP: 8/45 MP: 0/0
  1578 | D:3      | Found a runed translucent door.
  1579 | D:3      | Noticed Crazy Yiuf
  1731 | D:3      | Found a basalt altar of Yredelemnul.
  2091 | D:4      | Found Zin's Purification Station.
  2094 | D:4      | Found a glowing silver altar of Zin.
  2293 | D:4      | Found a staircase to the Ecumenical Temple.
  2468 | D:4      | Reached XP level 7. HP: 15/52 MP: 0/0
  2468 | D:4      | Learned a level 3 spell: Tukima's Dance
  2639 | D:4      | Noticed Ijyb
  2642 | D:4      | Killed Ijyb
  2749 | D:4      | Reached skill level 5 in Spellcasting
  2773 | D:4      | Slain by an orc

Illustrated notes

Levels and vault maps discovered:
D:1:      wheals_arrival_shading, layout_loops_ring
D:2:      layout_rooms, basic_altar, uniq_sigmund
D:3:      layout_rooms, lemuel_zombie_altar_yredelemnul, uniq_crazy_yiuf_cottage
D:4:      layout_loops_ring, zin_purify, minmay_temple_entry_sparse_star,
          st_stairs_12, uniq_ijyb

Skill      XL: |  1  2  3  4  5  6  7 |
---------------+----------------------+-----
Fighting       | 1 2 3 4 |  4.1
Spellcasting   | 3 4 5 |  5.3
Dodging        | |  2.1
Stealth        | |  1.5

Action                     |  1- 3 |  4- 6 |  7- 9 || total
---------------------------+-------+-------+-------++-------
  Melee: Unarmed           |     3 |       |       ||     3
         Dagger            |     1 |       |       ||     1
   Cast: Foxfire           |    78 |    67 |    10 ||   155
         Scorch            |       |    10 |    12 ||    22
 Invoke: Curse Item        |       |     1 |       ||     1
 Armour: Robe              |     2 |     3 |     3 ||     8
  Dodge: Dodged            |     2 |    12 |     4 ||    18
